[Event "Late-Titled-Tuesday-Blitz-April-30-2024"]
[Site "Chess.com"]
[Date "2024.04.30"]
[Round "2"]
[White "FoxOnTheRun97"]
[Black "ploxoi"]
[Result "1-0"]
[WhiteElo "2582"]
[BlackElo "2368"]
[TimeControl "180+1"]
[EndTime "14:15:01 PDT"]
[Termination "FoxOnTheRun97 won by resignation"]

1. d4 d5 2. c4 e6 3. Nc3 c6 4. Nf3 dxc4 5. Bf4 Bb4 6. e3 b5 7. Be2 Nf6 8. O-O O-O 9. Qc2 Bxc3 10. bxc3 Nd5 11. Bg3 Qa5 12. Rfc1 Nd7 13. a4 Qb6 14.
Rcb1 a6 15. Bxc4 N7f6 16. Bd3 Bd7 17. e4 Ne7 18. e5 Nfd5 19. Bxh7+ Kh8 20. Be4 Qc7 21. Ng5 c5 22. axb5 axb5 23. Bxd5 1-0

[Event "Late-Titled-Tuesday-Blitz-April-30-2024"]
[Site "Chess.com"]
[Date "2024.04.30"]
[Round "2"]
[White "FairChess_on_YouTube"]
[Black "Casablanca"]
[Result "1-0"]
[WhiteElo "3098"]
[BlackElo "2641"]
[TimeControl "180+1"]
[EndTime "14:15:07 PDT"]
[Termination "FairChess_on_YouTube won by resignation"]

1. d4 Nf6 2. c4 e6 3. Nf3 Bb4+ 4. Nbd2 O-O 5. a3 Be7 6. e4 d5 7. e5 Ne4 8. Bd3 Nxd2 9. Bxd2 dxc4 10. Bxc4 c5 11.
dxc5 Bxc5 12. O-O Nc6 13. Qe2 Bd7 14. Rad1 Qc7 15. Qe4 Rfd8 16. Ng5 g6 17. Qh4 h5 18. Nxf7 Nxe5 19. Nxd8 Nxc4 20. Qf6 Rxd8 21. Qxg6+ Kh8 22.
Qxh5+ Kg8 23. Qg6+ Kh8 24. Bg5 Rf8 25. Bf6+ Rxf6 26.
Qxf6+ Kg8 27. Qg5+ Kf7 28. Rxd7+ Qxd7 29. Qxc5 1-0

[Event "Late-Titled-Tuesday-Blitz-April-30-2024"]
[Site "Chess.com"]
[Date "2024.04.30"]
[Round "2"]
[White "Mops_2004"]
[Black "KnobbedHornbill"]
[Result "1-0"]
[WhiteElo "2799"]
[BlackElo "2547"]
[TimeControl "180+1"]
[EndTime "14:15:24 PDT"]
[Termination "Mops_2004 won by resignation"]

1. g3 d5 2. Nf3 Nf6 3. Bg2 g6 4. b3 Bg7 5. Bb2 O-O 6. c4 c6 7. O-O Na6 8. d3 Nc5 9. Nbd2 a5 10. a3 Bg4 11. Qc2 Ncd7 12. e4 dxe4 13. dxe4 Nc5 14. Ne5 Be2 15. Rfe1 Bd3 16. Qc1 Nfd7 17. Nxd7 Qxd7 18.
Bxg7 Kxg7 19. Qc3+ f6 20. Rad1 Rfd8 21. b4 axb4 22.
axb4 Na4 23. Qb3 Nb6 24. c5 Nc8 25. Nf3 Bc4 26. Rxd7 1-0

[Event "Late-Titled-Tuesday-Blitz-April-30-2024"]
[Site "Chess.com"]
[Date "2024.04.30"]
[Round "2"]
[White "GothamChess"]
[Black "lluiss"]
[Result "1-0"]
[WhiteElo "2674"]
[BlackElo "2224"]
[TimeControl "180+1"]
[EndTime "14:15:25 PDT"]
[Termination "GothamChess won by resignation"]

1. e4 c5 2. Nc3 d6 3. d4 cxd4 4.
Qxd4 Nc6 5. Qd2 Nf6 6. b3 e6 7. Bb2 d5 8. exd5 exd5 9. O-O-O Be6 10. Nge2 Bc5 11. Nf4 Qd7 12. Ncxd5 Bxd5 13. Nxd5 Qxd5 14. Qxd5 Nxd5 15. Rxd5 Bxf2 16. Bxg7 Rg8 17. Bc3 Rd8 18. Rxd8+ Kxd8 19. g3 Nd4 20. Bc4 Be3+ 21. Kb2 Ne6 22. Bxe6 fxe6 23. Re1 1-0

[Event "Late-Titled-Tuesday-Blitz-April-30-2024"]
[Site "Chess.com"]
[Date "2024.04.30"]
[Round "2"]
[White "Pig-filth"]
[Black "TangerineandLemon25"]
[Result "1-0"]
[WhiteElo "2291"]
[BlackElo "2661"]
[TimeControl "180+1"]
[EndTime "14:15:27 PDT"]
[Termination "Pig-filth won by resignation"]

1. d4 d5 2. Bg5 Nf6 3. Bxf6 gxf6 4. e3 e6 5. c4 c5 6. cxd5 Qxd5 7. Nc3 Qd8 8. d5 a6 9. Nge2 Qb6 10. Rb1 Rg8 11. g3 Nd7 12. Bg2 Ne5 13. Nf4 Bd7 14. dxe6 fxe6 15.
Qh5+ Kd8 16. O-O Kc7 17. Ncd5+ 1-0

[Event "Late-Titled-Tuesday-Blitz-April-30-2024"]
[Site "Chess.com"]
[Date "2024.04.30"]
[Round "2"]
[White "gtnamfrq"]
[Black "maksimys18"]
[Result "1-0"]
[WhiteElo "2305"]
[BlackElo "2500"]
[TimeControl "180+1"]
[EndTime "14:15:28 PDT"]
[Termination "gtnamfrq won by checkmate"]

1. e4 e6 2. d4 d5 3. Nc3 Bb4 4. Ne2 c5 5. exd5 exd5 6. dxc5 Ne7 7. Qd4 Nbc6 8. Qxg7 Rg8 9. Qxh7 d4 10. a3 Qa5 11.
axb4 Qxa1 12. Nd5 Bf5 13. Nf6+ Kd8 14. Qxf7 Bg6 15. Qe6 Bf5 16. Qd6+ Kc8 17. Nxg8 Nxg8 18. Qf8+ Kc7 19. Qxf5 Re8 20. Qf4+ Kd8 21. g3 Nge7 22. Qd6+ Kc8 23. Bh3+ Nf5 24. Bxf5+ Re6 25. Bxe6# 1-0

[Event "Late-Titled-Tuesday-Blitz-April-30-2024"]
[Site "Chess.com"]
[Date "2024.04.30"]
[Round "2"]
[White "semchik90"]
[Black "Revan_2002"]
[Result "0-1"]
[WhiteElo "2412"]
[BlackElo "2757"]
[TimeControl "180+1"]
[EndTime "14:15:29 PDT"]
[Termination "Revan_2002 won by checkmate"]

1. Nf3 Nf6 2. c4 b6 3. d4 Bb7 4. g3 g6 5. Bg2 Bg7 6. O-O e6 7. Nc3 Ne4 8. Qc2 Nxc3 9. bxc3 O-O 10. e4 d6 11. Be3 Nd7 12. Rfd1 Qe7 13. a4 a5 14.
Rab1 Ba6 15. Nd2 e5 16. f4 Nf6 17. c5 bxc5 18. dxe5 Ng4 19. exd6 cxd6 20. Bf2 Nxf2 21. Kxf2 Rab8 22. Rxb8 Rxb8 23. Rb1 Rxb1 24. Nxb1 h5 25. Qb3 Bd3 26. Nd2 c4 27. Nxc4 d5 28. Qb8+ Kh7 29. Ne5 Qc5+ 30. Kf3 dxe4# 0-1

[Event "Late-Titled-Tuesday-Blitz-April-30-2024"]
[Site "Chess.com"]
[Date "2024.04.30"]
[Round "2"]
[White "Bugcrusher"]
[Black "simaopdias"]
[Result "1-0"]
[WhiteElo "2526"]
[BlackElo "2314"]
[TimeControl "180+1"]
[EndTime "14:15:33 PDT"]
[Termination "Bugcrusher won by resignation"]

1. e4 c5 2. Nc3 Nc6 3. Bb5 Nd4 4.
Nf3 g6 5. O-O Bg7 6. Re1 Nxb5 7.
Nxb5 a6 8. Nc3 Nf6 9. e5 Ng4 10.
h3 Nh6 11. d4 cxd4 12. Nxd4 O-O 13. Bf4 Kh8 14. Qd2 Ng8 15. Nd5 d6 16. exd6 exd6 17. Bg5 Nf6 18. Nxf6 Bxf6 19. Bxf6+ Qxf6 20. c3 Rd8 21. Re2 Bd7 22. Rae1 Bc6 23. Qh6 Re8 24. Rxe8+ 1-0

[Event "Late-Titled-Tuesday-Blitz-April-30-2024"]
[Site "Chess.com"]
[Date "2024.04.30"]
[Round "2"]
[White "Mugiwara2b"]
[Black "OparinGrigoriy"]
[Result "0-1"]
[WhiteElo "2615"]
[BlackElo "2993"]
[TimeControl "180+1"]
[EndTime "14:15:34 PDT"]
[Termination "OparinGrigoriy won by checkmate"]

1. e4 c6 2. Nf3 d5 3. exd5 cxd5 4. Ne5 Nc6 5. d4 Nf6 6. Bb5 Bd7 7. Nxd7 Qxd7 8. c3 e6 9. O-O Bd6 10. Nd2 Qc7 11. g3 O-O 12. Re1 Rae8 13. Nf3 Ne4 14.
a4 a6 15. Bd3 f5 16. Nh4 e5 17. Nf3 exd4 18. Nxd4 Nxd4 19. cxd4 f4 20. Qb3 fxg3 21.
Qxd5+ Kh8 22. hxg3 Bxg3 23. Rxe4 Bxf2+ 24. Kh1 Qg3 25. Bf4 Qh3+ 26. Bh2 Qf3# 0-1

[Event "Late-Titled-Tuesday-Blitz-April-30-2024"]
[Site "Chess.com"]
[Date "2024.04.30"]
[Round "2"]
[White "Mihajlovskij"]
[Black "FoggyMorning"]
[Result "0-1"]
[WhiteElo "2214"]
[BlackElo "2485"]
[TimeControl "180+1"]
[EndTime "14:15:45 PDT"]
[Termination "FoggyMorning won by resignation"]

1. e4 e6 2. d4 d5 3. e5 c5 4. c3 Qb6 5. Nf3 Nc6 6. Bd3 cxd4 7. O-O Bd7 8. Re1 Nge7 9. h4 Rc8 10. Nbd2 dxc3 11.
bxc3 Nf5 12. Rb1 Qc7 13. c4 d4 14. Ne4 Be7 15. g3 O-O 16. Bf4 Nb4 17. Rxb4 Bxb4 18. Nf6+ gxf6 19. exf6 Bd6 20. Ne5 Kh8 21. Qg4 Bxe5 22.
Bxe5 Rg8 23. Qh5 Qa5 24. Rd1 0-1

[Event "Late-Titled-Tuesday-Blitz-April-30-2024"]
[Site "Chess.com"]
[Date "2024.04.30"]
[Round "2"]
[White "SandwichOSaumon"]
[Black "IlanSchnaider"]
[Result "0-1"]
[WhiteElo "2409"]
[BlackElo "2735"]
[TimeControl "180+1"]
[EndTime "14:15:47 PDT"]
[Termination "IlanSchnaider won by resignation"]

1. e4 c5 2. Nf3 d6 3. Bb5+ Bd7 4.
Bxd7+ Nxd7 5. O-O Ngf6 6. Re1 e6 7. c3 Be7 8. d4 cxd4 9. cxd4 d5 10. e5 Ne4 11. Nc3 Nxc3 12. bxc3 O-O 13. Qd3 Rc8 14. Bd2 Nb6 15. h4 Bxh4 16. g3 Be7 17. Kg2 h6 18.
Rh1 f5 19. Be3 Nc4 20. Bc1 Qe8 21. Nh4 Qf7 22. f4 Rc7 23. Kf2 Rfc8 24. Qe2 Bxh4 25. Rxh4 Qg6 26. Rb1 b6 27. Rb3 Na5 28. Ra3 Rxc3 29.
Rxc3 Rxc3 30. Bd2 Qxg3+ 0-1

[Event "Late-Titled-Tuesday-Blitz-April-30-2024"]
[Site "Chess.com"]
[Date "2024.04.30"]
[Round "2"]
[White "norwaytoadog"]
[Black "Mikhal867"]
[Result "0-1"]
[WhiteElo "2343"]
[BlackElo "2543"]
[TimeControl "180+1"]
[EndTime "14:15:47 PDT"]
[Termination "Mikhal867 won by resignation"]

1. e4 g6 2. d4 Bg7 3. Nc3 d6 4. Be3 a6 5. Qd2 b5 6. Nf3 Nd7 7. Bd3 Nb6 8. b3 Nf6 9. h3 b4 10. Ne2 Bb7 11. Ng3 c5 12. dxc5 Nxe4 13. Bxe4 Bxa1 14.
Bd4 Bxd4 15. cxb6 Bc3 16. Bxb7 Rb8 17. Bc6+ Kf8 18. Qxc3 bxc3 19. h4 Rxb6 20. Be4 d5 21.
Bd3 e5 0-1

[Event "Late-Titled-Tuesday-Blitz-April-30-2024"]
[Site "Chess.com"]
[Date "2024.04.30"]
[Round "2"]
[White "GaiozNigalidze"]
[Black "Godzillator"]
[Result "1-0"]
[WhiteElo "2732"]
[BlackElo "2409"]
[TimeControl "180+1"]
[EndTime "14:15:50 PDT"]
[Termination "GaiozNigalidze won by resignation"]

1. e4 d5 2. exd5 Qxd5 3. Nf3 Bg4 4. Be2 Nf6 5. d4 c6 6. c4 Qd8 7. Nc3 e6 8. O-O Be7 9. Be3 O-O 10. Rc1 Nbd7 11. Re1 Qa5 12. a3 Rad8 13. h3 Bh5 14. Qb3 Qc7 15. Qa4 Qb8 16. b4 Nb6 17. Qb3 a6 18.
Ne5 Bxe2 19. Rxe2 Nfd7 20. f4 Nxe5 21. dxe5 Qc7 22. Ne4 Rd7 23. Nd6 Nc8 24. c5 b5 25.
Rd1 Qa7 26. f5 exf5 27. e6 fxe6 28. Qxe6+ Kh8 29. Nf7+ Rxf7 30. Rxd7 1-0

[Event "Late-Titled-Tuesday-Blitz-April-30-2024"]
[Site "Chess.com"]
[Date "2024.04.30"]
[Round "2"]
[White "Rutricks"]
[Black "NovakRatko"]
[Result "1-0"]
[WhiteElo "2687"]
[BlackElo "2380"]
[TimeControl "180+1"]
[EndTime "14:15:51 PDT"]
[Termination "Rutricks won by resignation"]

1. c4 c6 2. Nf3 d5 3. e3 f6 4. d4 Bg4 5. Qb3 Qd7 6. Nc3 Bxf3 7. gxf3 e6 8. cxd5 exd5 9. e4 dxe4 10. Bc4 Nh6 11. Bxh6 gxh6 12. O-O-O a6 13. Nxe4 Be7 14. Rhe1 Kd8 15. d5 c5 16. d6 Bf8 17. Nxc5 Qc6 18.
Nxb7+ Kc8 1-0

[Event "Late-Titled-Tuesday-Blitz-April-30-2024"]
[Site "Chess.com"]
[Date "2024.04.30"]
[Round "2"]
[White "HATilay"]
[Black "Supelyel"]
[Result "1-0"]
[WhiteElo "2659"]
[BlackElo "2389"]
[TimeControl "180+1"]
[EndTime "14:16:01 PDT"]
[Termination "HATilay won by resignation"]

1. e4 d6 2. d4 Nf6 3. Nc3 e5 4. Nf3 Nbd7 5. Rg1 Be7 6. g4 exd4 7.
Nxd4 Nc5 8. f3 O-O 9. g5 Nfd7 10. Be3 Re8 11. Qd2 Bf8 12. O-O-O a6 13. Bc4 Ne5 14. Be2 b5 15. h4 Bb7 16. h5 b4 17. Nd5 Ne6 18.
Nf5 Bxd5 19. exd5 Nc5 20. f4 Ned7 21. Bd4 Ne4 22. Nh6+ 1-0

[Event "Late-Titled-Tuesday-Blitz-April-30-2024"]
[Site "Chess.com"]
[Date "2024.04.30"]
[Round "2"]
[White "Levanzovsky"]
[Black "acertijo08"]
[Result "1-0"]
[WhiteElo "2507"]
[BlackElo "2276"]
[TimeControl "180+1"]
[EndTime "14:16:01 PDT"]
[Termination "Levanzovsky won by resignation"]

1. Nf3 c5 2. c4 Nf6 3. Nc3 e6 4. e3 d5 5. d4 Nc6 6. a3 a6 7. h4 cxd4 8. exd4 dxc4 9. Bxc4 b5 10. Bd3 Bb7 11. O-O Be7 12. Bc2 O-O 13. Qd3 b4 14. Ne4 g6 15. Bh6 Re8 16. Rfe1 bxa3 17. bxa3 a5 18.
Rab1 Ba6 19. Nxf6+ Bxf6 20. Qe4 Rc8 21. Ba4 Qd6 22. Rb6 Bc4 23. Rxc6 Qxa3 24. Rxc4 1-0

[Event "Late-Titled-Tuesday-Blitz-April-30-2024"]
[Site "Chess.com"]
[Date "2024.04.30"]
[Round "2"]
[White "Polish_fighter3000"]
[Black "Ajedrez_con_German"]
[Result "1-0"]
[WhiteElo "3074"]
[BlackElo "2632"]
[TimeControl "180+1"]
[EndTime "14:16:03 PDT"]
[Termination "Polish_fighter3000 won by resignation"]

1. e4 a6 2. d4 e6 3. c4 d5 4. cxd5 exd5 5. e5 c5 6. Nf3 Nc6 7. h3 cxd4 8. Bd3 Nb4 9. O-O Nxd3 10. Qxd3 Ne7 11. Nxd4 Nc6 12. Nxc6 bxc6 13. Nc3 Be7 14. Qg3 g6 15. Bh6 Bf8 16. Qf4 Rb8 17. b3 Rb4 18.
Qd2 Qe7 19. Rac1 Bxh6 20. Qxh6 Rh4 21. Qg7 Qf8 22. Qf6 Rd4 23. e6 1-0

[Event "Late-Titled-Tuesday-Blitz-April-30-2024"]
[Site "Chess.com"]
[Date "2024.04.30"]
[Round "2"]
[White "margarita_2703"]
[Black "VD_coach"]
[Result "0-1"]
[WhiteElo "2318"]
[BlackElo "2527"]
[TimeControl "180+1"]
[EndTime "14:16:14 PDT"]
[Termination "VD_coach won by resignation"]

1. e4 c5 2. Nf3 d6 3. d4 cxd4 4. Qxd4 a6 5. Be3 e6 6. c4 Nf6 7. Nc3 Be7 8. Qd2 Ng4 9. Bd4 e5 10. Be3 Nxe3 11. Qxe3 O-O 12. Bd3 Nd7 13. Rd1 Nc5 14.
Bc2 Be6 15. b3 Qa5 16. O-O Rac8 17. Nd5 Bxd5 18. exd5 f5 19. Bb1 h6 20. Nd4 Bg5 21. f4 exd4 22. Qxd4 Bf6 23. Qf2 Ne4 24. Qf3 Rfe8 25.
g4 Nd2 26. Qd3 Nxf1 27. Qxf5 Ne3 28. Qh7+ Kf7 29. Bg6+ Ke7 30. Bxe8 Rxe8 31. g5 Nxd1 32.
gxf6+ Kxf6 33. Qd3 Qe1+ 34. Kg2 Qe2+ 0-1

[Event "Late-Titled-Tuesday-Blitz-April-30-2024"]
[Site "Chess.com"]
[Date "2024.04.30"]
[Round "2"]
[White "ExchangeAB"]
[Black "Synctel"]
[Result "1-0"]
[WhiteElo "2440"]
[BlackElo "2016"]
[TimeControl "180+1"]
[EndTime "14:16:15 PDT"]
[Termination "ExchangeAB won on time"]

1. d4 Nf6 2. Nf3 d5 3. e3 e6 4.
c3 Bd6 5. Nbd2 b6 6. Bd3 Bb7 7. O-O Nbd7 8. Qe2 Ne4 9. Ne1 f5 10. g3 O-O 11. f3 Nxd2 12. Bxd2 Nf6 13. Ng2 Qd7 14. Bb5 Qe7 15. Ba6 Bxa6 16. Qxa6 e5 17. Nh4 g6 18. Rae1 e4 19. f4 Nd7 20. c4 c6 21.
cxd5 cxd5 22. Rc1 Nf6 23. Rc2 Rfc8 24. Rxc8+ 1-0

[Event "Late-Titled-Tuesday-Blitz-April-30-2024"]
[Site "Chess.com"]
[Date "2024.04.30"]
[Round "2"]
[White "picturesquecheck"]
[Black "Bryanl106"]
[Result "0-1"]
[WhiteElo "2414"]
[BlackElo "2699"]
[TimeControl "180+1"]
[EndTime "14:16:17 PDT"]
[Termination "Bryanl106 won by resignation"]

1. e4 e5 2. Nf3 Nc6 3. Bc4 Nf6 4. Ng5 d5 5. exd5 b5 6. Bf1 Nxd5 7. Bxb5 Bb7 8. d4 exd4 9. O-O Be7 10. Re1 O-O 11. Qh5 Nf6 12. Qh3 h6 13. Nf3 Nb4 14.
Na3 c5 15. Bc4 Bd5 16. c3 Bxc4 17. Nxc4 Nc2 18. Bxh6 Nxa1 19. Rxa1 gxh6 20. Qxh6 Nh7 21. Nce5 Bg5 22. Qh5 Bf6 23. Ng4 Bg7 24. Re1 f5 25.
Nh6+ Bxh6 26. Qxh6 Qf6 27. Qh5 Qf7 0-1

[Event "Late-Titled-Tuesday-Blitz-April-30-2024"]
[Site "Chess.com"]
[Date "2024.04.30"]
[Round "2"]
[White "Binary010"]
[Black "colegiodemadrid"]
[Result "1-0"]
[WhiteElo "2912"]
[BlackElo "2590"]
[TimeControl "180+1"]
[EndTime "14:16:20 PDT"]
[Termination "Binary010 won by resignation"]

1. e4 c5 2. Nf3 e6 3. d4 cxd4 4. Nxd4 Nf6 5. Nc3 d6 6. g4 h6 7. Rg1 Nc6 8. Be3 a6 9. h4 d5 10. Bg2 Bb4 11. Nxc6 bxc6 12. g5 hxg5 13. hxg5 Nxe4 14.
Bxe4 Bxc3+ 15. bxc3 dxe4 16. Qxd8+ Kxd8 17. O-O-O+ Bd7 18. Rd4 Rb8 19. Rgd1 Rb7 20. Rxe4 Kc7 21. Bf4+ Kc8 22. Be5 Rh5 23. f4 g6 24. Ra4 Ra7 25. Rb4 Rb7 26.
Rxb7 1-0

[Event "Late-Titled-Tuesday-Blitz-April-30-2024"]
[Site "Chess.com"]
[Date "2024.04.30"]
[Round "2"]
[White "Sesleria"]
[Black "King_Deded4d5"]
[Result "0-1"]
[WhiteElo "2129"]
[BlackElo "2456"]
[TimeControl "180+1"]
[EndTime "14:16:21 PDT"]
[Termination "King_Deded4d5 won on time"]

1. c4 e6 2. g3 d5 3. Bg2 Nf6 4. Nf3 c6 5. O-O dxc4 6. Qc2 b5 7. a4 Bb7 8. Nc3 a6 9. b3 cxb3 10. Qxb3 b4 11. d4 a5 12. Rd1 Nbd7 13. Ne5 Qc7 14. Bf4 Bd6 15. Ne4 Nxe4 16. Bxe4 Nxe5 17. dxe5 Bxe5 18.
Rac1 Bxf4 19. gxf4 Qxf4 20. Bxc6+ Bxc6 21. Rxc6 O-O 22.
Rcd6 h5 23. R1d4 Qg5+ 24. Kh1 Rfc8 25. f4 Rc1+ 26. Rd1 Rxd1+ 27. Qxd1 Qxf4 0-1

[Event "Late-Titled-Tuesday-Blitz-April-30-2024"]
[Site "Chess.com"]
[Date "2024.04.30"]
[Round "2"]
[White "RuperezA"]
[Black "GM_dmitrij"]
[Result "0-1"]
[WhiteElo "2613"]
[BlackElo "2973"]
[TimeControl "180+1"]
[EndTime "14:16:27 PDT"]
[Termination "GM_dmitrij won by resignation"]

1. e4 c5 2. Nf3 d6 3. Bb5+ Bd7 4. Bxd7+ Qxd7 5. c4 Nf6 6. Nc3 g6 7. d4 cxd4 8. Nxd4 Bg7 9. f3 O-O 10. Be3 Nc6 11. Rc1 Rfc8 12. b3 a6 13. a4 Qd8 14.
O-O Nd7 15. Nxc6 bxc6 16. a5 Rab8 17. f4 Qxa5 18. e5 Nc5 19. exd6 Bxc3 20. dxe7 Bf6 21. Qd6 Ne4 22. Qd7 Qf5 23. Qa7 Ra8 24. Qb7 Qe6 25. Rce1 Qxe7 26. Qb6 Bc3 27. Re2 Qb4 28. Qxb4 Bxb4 29.
f5 Re8 30. fxg6 hxg6 31. Bd4 Nc3 32. Rxe8+ Rxe8 0-1

[Event "Late-Titled-Tuesday-Blitz-April-30-2024"]
[Site "Chess.com"]
[Date "2024.04.30"]
[Round "2"]
[White "WindWhistler11"]
[Black "Nechitaylo_Nikita"]
[Result "1-0"]
[WhiteElo "2557"]
[BlackElo "2356"]
[TimeControl "180+1"]
[EndTime "14:16:28 PDT"]
[Termination "WindWhistler11 won on time"]

1. Nf3 c5 2. g3 Nc6 3. Bg2 g6 4. O-O Bg7 5. d3 d6 6. Nbd2 e5 7. e4 Nge7 8. c3 O-O 9. a4 a6 10. Nc4 Be6 11. Ng5 b5 12. Nxe6 fxe6 13. Nd2 d5 14.
Nf3 d4 15. axb5 axb5 16. Rxa8 Qxa8 17. Qb3 c4 18. Qxb5 cxd3 19. Qxd3 Rd8 20. Qc4 Rd6 21. Ng5 Na5 22. Qa2 1-0

[Event "Late-Titled-Tuesday-Blitz-April-30-2024"]
[Site "Chess.com"]
[Date "2024.04.30"]
[Round "2"]
[White "campochess"]
[Black "MFatigue"]
[Result "0-1"]
[WhiteElo "2166"]
[BlackElo "2475"]
[TimeControl "180+1"]
[EndTime "14:16:29 PDT"]
[Termination "MFatigue won by resignation"]

1. c4 c5 2. Nf3 Nf6 3. g3 d5 4.
cxd5 Nxd5 5. Nc3 Nc7 6. Bg2 Nc6 7. O-O e5 8. d3 f6 9. h3 Be7 10. b3 Be6 11. Bb2 O-O 12. Rc1 Qd7 13. Ne4 b6 14. Ned2 Bxh3 15. Bh1 Bxf1 16. Nxf1 Rad8 17. Qe1 Nd4 18. N3d2 Qg4 19. f3 Qg6 20. Ne3 f5 21. Nec4 Bf6 22. e3 Nc6 23. Qe2 Nb4 24. d4 exd4 25.
exd4 Qxg3+ 26. Bg2 Bxd4+ 27. Bxd4 Rxd4 28. Nf1 Qg5 29. Rd1 Re8 30. Nce3 Ncd5 31. Rxd4 cxd4 32. Qc4 Rxe3 33. a3 Rc3 34. Qb5 h6 35. Qe8+ Kh7 0-1

[Event "Late-Titled-Tuesday-Blitz-April-30-2024"]
[Site "Chess.com"]
[Date "2024.04.30"]
[Round "2"]
[White "TigrVShlyape"]
[Black "DucksParadise"]
[Result "1-0"]
[WhiteElo "2925"]
[BlackElo "2594"]
[TimeControl "180+1"]
[EndTime "14:16:30 PDT"]
[Termination "TigrVShlyape won by resignation"]

1. d4 d5 2. Bf4 Nf6 3. e3 c5 4. Nf3 Nc6 5. Nbd2 Nh5 6. dxc5 Nxf4 7. exf4 e6 8. Nb3 Bxc5 9. Nxc5 Qa5+ 10. c3 Qxc5 11.
Bd3 h6 12. O-O O-O 13. Re1 b6 14. Qd2 a5 15. Rad1 Ba6 16. Bb1 Ne7 17. h4 h5 18.
Nd4 g6 19. Qe3 Rfe8 20. Qg3 Qc7 21. Re5 Nf5 22. Bxf5 exf5 23. Rxf5 Rad8 24. Rxh5 Re4 25. Re5 Re8 26. Rxe8+ Rxe8 27. h5 Qd6 28. Qg5 Re4 29. hxg6 Qxg6 30. Qxd5 1-0

[Event "Late-Titled-Tuesday-Blitz-April-30-2024"]
[Site "Chess.com"]
[Date "2024.04.30"]
[Round "2"]
[White "ImportedItalianMaple"]
[Black "OIAM03"]
[Result "1-0"]
[WhiteElo "2433"]
[BlackElo "1950"]
[TimeControl "180+1"]
[EndTime "14:16:30 PDT"]
[Termination "ImportedItalianMaple won on time"]

1. e4 c5 2. Nf3 d6 3. Bc4 Nf6 4. d3 e6 5. c3 Be7 6. O-O O-O 7.
Bb3 a6 8. Re1 b5 9. Nbd2 Bb7 10.
d4 cxd4 11. cxd4 Nc6 12. Qe2 Qb6 13. Qd3 Rac8 14. a3 Na5 15. Bc2 Qc6 16. Bb1 Qxc1 17. Rxc1 Rxc1+ 18. Nf1 Bxe4 19. Qe3 Bxb1 20. Qxc1 Be4 21.
Qc7 Bxf3 22. Qxa5 Bd5 23. Qxa6 Ne4 24. Ne3 Ba8 25. Qxb5 Bf6 26. Qd3 g6 27. a4 Rb8 28.
Rb1 1-0

[Event "Late-Titled-Tuesday-Blitz-April-30-2024"]
[Site "Chess.com"]
[Date "2024.04.30"]
[Round "2"]
[White "CMButgood"]
[Black "Langua_Chess"]
[Result "1-0"]
[WhiteElo "2093"]
[BlackElo "2415"]
[TimeControl "180+1"]
[EndTime "14:16:31 PDT"]
[Termination "CMButgood won on time"]

1. e4 c5 2. Nf3 Nc6 3. d4 cxd4 4. Nxd4 Nf6 5. Nc3 e5 6. Ndb5 d6 7. Bg5 a6 8. Na3 b5 9. Bxf6 gxf6 10. Nd5 f5 11.
Bxb5 axb5 12. Nxb5 Ra4 13. b4 Be6 14. c3 Ra8 15. Nbc7+ Kd7 16. Nxa8 Bxd5 17. exd5 Qxa8 18. dxc6+ Qxc6 19. O-O Rg8 20. g3 f4 21. Qh5 Rg6 22. Qxh7 Qc4 23. Qh3+ Kc7 24. a4 f3 25. b5 Qe4 26.
b6+ Kb8 27. b7 f5 28. Qh8 1-0

[Event "Late-Titled-Tuesday-Blitz-April-30-2024"]
[Site "Chess.com"]
[Date "2024.04.30"]
[Round "2"]
[White "ahmedkandiliii"]
[Black "Shankland"]
[Result "0-1"]
[WhiteElo "2606"]
[BlackElo "2951"]
[TimeControl "180+1"]
[EndTime "14:16:32 PDT"]
[Termination "Shankland won on time"]

1. e4 c5 2. Nf3 d6 3. d4 cxd4 4.
Nxd4 Nf6 5. Nc3 Nc6 6. Bg5 e6 7. Qd3 Be7 8. O-O-O O-O 9. h4 Bd7 10. Qg3 Nxd4 11. Rxd4 Nh5 12. Qg4 Nf6 13. Qg3 Rc8 14.
Be2 e5 15. Rd2 Rxc3 16. Qxc3 Nxe4 17. Qe3 Nxg5 18. hxg5 Bxg5 19. Qd3 g6 20. Bf3 Bc6 21. Kb1 e4 22. Bxe4 Bxe4 23. Qh3 h5 24. Rd4 Bf5 25.
Qg3 Bf6 26. Rxd6 Qe7 27. Rhd1 Be5 0-1

[Event "Late-Titled-Tuesday-Blitz-April-30-2024"]
[Site "Chess.com"]
[Date "2024.04.30"]
[Round "2"]
[White "Caterpiller35"]
[Black "IngOscarArdila"]
[Result "0-1"]
[WhiteElo "2505"]
[BlackElo "2318"]
[TimeControl "180+1"]
[EndTime "14:16:33 PDT"]
[Termination "IngOscarArdila won by checkmate"]

1. e4 e5 2. Nc3 Nf6 3. f4 d6 4.
Nf3 Bg4 5. Bc4 Nbd7 6. d4 exd4 7. Qxd4 Be7 8. Be3 O-O 9. O-O-O a6 10. a4 b5 11. axb5 axb5 12. Bxb5 c5 13. Qc4 Nb6 14. Qe2 Ra1+ 15. Kd2 Rxd1+ 16. Rxd1 d5 17. exd5 Nfxd5 18. Nxd5 Nxd5 19. Kc1 Qa8 20. c3 Bf6 21. Bc4 Nxe3 22. Qxe3 Qa1+ 23. Kc2 Qa4+ 24. b3 Qa2+ 25. Kc1 Ra8 26.
Rd2 Qa1+ 27. Kc2 Bf5+ 28. Bd3 Ra2# 0-1

[Event "Late-Titled-Tuesday-Blitz-April-30-2024"]
[Site "Chess.com"]
[Date "2024.04.30"]
[Round "2"]
[White "osielchesslover2011"]
[Black "SRob2003"]
[Result "1-0"]
[WhiteElo "2230"]
[BlackElo "2657"]
[TimeControl "180+1"]
[EndTime "14:16:43 PDT"]
[Termination "osielchesslover2011 won by resignation"]

1. e4 c6 2. d4 d5 3. Nc3 dxe4 4. Nxe4 Bf5 5. Ng3 Bg6 6. h4 h6 7. Nf3 e6 8. h5 Bh7 9. Bd3 Bxd3 10. Qxd3 Nf6 11.
Bd2 c5 12. O-O-O Nc6 13. Bc3 cxd4 14. Nxd4 Nxd4 15. Bxd4 Qc8 16. Rhe1 Be7 17. Nf5 Qc7 18. Nxg7+ Kf8 19. Nxe6+ fxe6 20. Rxe6 Rd8 21. Qf5 Rxd4 22. Rxf6+ Bxf6 23. Qxf6+ Kg8 24. Rxd4 Rh7 25. Rd8+ 1-0

[Event "Late-Titled-Tuesday-Blitz-April-30-2024"]
[Site "Chess.com"]
[Date "2024.04.30"]
[Round "2"]
[White "RantomOpening"]
[Black "georgpapi"]
[Result "0-1"]
[WhiteElo "2529"]
[BlackElo "2365"]
[TimeControl "180+1"]
[EndTime "14:16:43 PDT"]
[Termination "georgpapi won by resignation"]

1. c4 Nf6 2. Nf3 g6 3. Nc3 Bg7 4. e4 O-O 5. d4 d6 6. Be2 e5 7.
Be3 Ng4 8. Bg5 f6 9. Bc1 Na6 10.
h3 Nh6 11. O-O f5 12. Bg5 Qe8 13. c5 fxe4 14. Nxe4 d5 15. Nc3 e4 16. Ne5 Nxc5 17.
Nxd5 Ne6 18. Be3 Nf5 19. Bc4 Kh8 20. Qd2 c6 21. Nf4 Nxf4 22. Bxf4 Nxd4 23. Ng4 b5 24.
Bb3 Bxg4 25. hxg4 Rxf4 26. Rad1 Rxg4 27. Qe3 Nf3+ 0-1

[Event "Late-Titled-Tuesday-Blitz-April-30-2024"]
[Site "Chess.com"]
[Date "2024.04.30"]
[Round "2"]
[White "Doomfist26"]
[Black "TheAlienParty"]
[Result "1-0"]
[WhiteElo "2632"]
[BlackElo "2444"]
[TimeControl "180+1"]
[EndTime "14:16:45 PDT"]
[Termination "Doomfist26 won by checkmate"]

1. e4 e5 2. Nf3 Nc6 3. d4 exd4 4. c3 dxc3 5. Bc4 Nf6 6. Nxc3 Bb4 7. O-O O-O 8. Nd5 Nxd5 9. exd5 Ne7 10. Bg5 h6 11. Bh4 Bd6 12. Re1 c6 13. Nd4 g5 14. Qh5 cxd5 15.
Bxg5 hxg5 16. Qxg5+ Ng6 17. Qxd5 Qf6 18. Nf5 Be5 19. Nh6+ Kg7 20. Ng4 Qf4 21. Nxe5 Nxe5 22. Rxe5 f6 23. Re7+ Kh6 24. Bd3 f5 25. g3 Qg5 26.
Rae1 d6 27. h4 Qf6 28. Qf3 b6 29. Qf4+ Kh5 30. Rh7+ Kg6 31. Qh6# 1-0